 Dungeon Crawl Stone Soup version 0.22.1-57-g7394efd (webtiles) character file.

36 smallpebble the Ruffian (level 3, 28/28 HPs)
             Began as a Draconian Transmuter on Mar 23, 2019.
             Got out of the dungeon alive.
             The game lasted 00:06:46 (1157 turns).

smallpebble the Ruffian (Draconian Transmuter)      Turns: 1157, Time: 00:06:47

Health: 28/28      AC:  5    Str: 13    XL:     3   Next: 19%
Magic:  6/6        EV: 12    Int: 13    God:
Gold:   49         SH:  0    Dex: 11    Spells: 5/6 levels left

rFire    . . .     SeeInvis .   b - +4 short sword (protect)
rCold    . . .     Gourm    .   (no shield)
rNeg     . . .     Faith    .   (armour unavailable)
rPois    .         Spirit   .   (helmet restricted)
rElec    .         Reflect  .   (no cloak)
rCorr    .         Harm     .   (no gloves)
MR       .....                  (no boots)
Stlth    +.........             (no amulet)
HPRegen  0.09/turn              (no ring)
MPRegen  0.10/turn              (no ring)

@: no status effects
A: unfitting armour, cold-blooded, AC +5
a: no special abilities


You escaped.
You were hungry.

You visited 1 branch of the dungeon, and saw 2 of its levels.

You collected 49 gold pieces.

Inventory:

Hand Weapons
 b - a +4 short sword of protection (weapon)
Missiles
 a - 12 arrows
Armour
 g - a +0 plate armour
 j - a +0 robe
Scrolls
 h - a scroll of immolation {unknown}
 i - a scroll of enchant weapon {unknown}
 k - a scroll of teleportation {unknown}
 l - a scroll of remove curse {unknown}
 m - a scroll of blinking {unknown}
Potions
 d - 2 potions of degeneration {unknown}
 e - a potion of curing {unknown}
 f - a potion of magic {unknown}
Comestibles
 c - 4 rations


   Skills:
 + Level 1.1 Fighting
 + Level 0.1 Short Blades
 + Level 2.2 Dodging
 + Level 3.4 Unarmed Combat
 + Level 2.1 Spellcasting
 + Level 2.6 Transmutations


You had 5 spell levels left.
You knew the following spells:

 Your Spells              Type           Power        Failure   Level  Hunger
a - Beastly Appendage     Tmut           #.....       9%          1    ##.....

Your spell library contained the following spells:

 Spells                   Type           Power        Failure   Level  Hunger
 Sticks to Snakes         Tmut           #.......     13%         2    ###....
 Spider Form              Tmut/Pois      #.........   41%         3    ####...
 Ice Form                 Ice/Tmut       #.......     82%         4    #####..
 Blade Hands              Tmut           #.........   93%         5    ######.


Dungeon Overview and Level Annotations

Branches:
Dungeon (2/15)

Altars:


Innate Abilities, Weirdness & Mutations

Your plain brown scales are hard. (AC +5)
You cannot fit into any form of body armour.
You are cold-blooded and may be slowed by cold attacks.


Message History

HP restored.
Casting: Beastly Appendage (safe; 9% risk of failure)
Confirm with . or Enter, or press ? or * to list all spells.
Your feet morph into talons.
Drop what? 13/52 slots (_ for help) (? for menu, Esc to quit)
Okay, then.
Your transformation is almost over.
Magic restored.
Your talons disappear.
Found 24 bolts and 8 gold pieces.
You are feeling hungry.
You now have 49 gold pieces (gained 8).
A giant cockroach comes into view.
You see here a naga barding.
There is a stone staircase leading up here.
You climb upwards.
There is a stone staircase leading down here.
There is a staircase leading out of the dungeon here.
Are you sure you want to leave the Dungeon?
This will make you lose the game!
You have escaped!

#...................##...#
########.#####...#######.........
.........# #...# #...##.#.#
..######.# ###...# #.).##.#.# #.#
#.# #.#.(.# #...##.#.# #.# #.##
#....# #......#.# #.# #...###...#
#..#####.# #.# ###
.#....#++####..# #.# #.#
#..#.@.........# #.# #.#
#..#...........### #.# #.#
#..###...#........##.# #.#
#...##.###.###.#...#.#
#.##########..........# #...#...#
..#.......[....#..###.# #.#...###
###.############.## ##. ###.##
#.# #)# #####...# #.# #.#
#.)...#.#


There were no monsters in sight!

Vanquished Creatures
  An adder (D:2)
  2 leopard geckos (D:2)
  4 bats
  5 giant cockroaches
  5 goblins
  A hobgoblin (D:1)
  A quokka (D:2)
  2 frilled lizards
  A kobold (D:1)
22 creatures vanquished.

Notes
Turn   | Place    | Note
-------+----------+-------------------------------------------
     0 | D:1      | smallpebble the Draconian Transmuter began the quest for
                  | the Orb.
     0 | D:1      | Reached XP level 1. HP: 16/16 MP: 3/3
   445 | D:1      | Reached XP level 2. HP: 23/23 MP: 5/5
   824 | D:2      | Reached XP level 3. HP: 12/28 MP: 6/6
   841 | D:2      | Found a faded altar of an unknown god.
  1157 | D:$      | Got out of the dungeon alive.

Skill      XL: |  1 |
---------------+----+-----
Dodging        | 2 |  2.2
Fighting       | |  1.1
Short Blades   | |  0.1
Unarmed Combat | |  3.4
Spellcasting   | |  2.1
Transmutations | |  2.6

Action                   || total
-------------------------++-------
Melee: Unarmed           ||    17
       Short sword       ||    50
       Tailslap          ||     3
 Cast: Beastly Appendage ||     2
Armor: Skin              ||    46
Dodge: Dodged            ||    77
